 Dungeon Crawl Stone Soup version 0.28.0-53-g5a82cb258f (webtiles) character file.

Game seed: 6991852184013899815

68 evanesce the Skirmisher (level 4, -5/41 HPs)
             Began as a Minotaur Berserker on Aug 18, 2022.
             Was a Believer of Trog.
             Killed from afar by an orc wizard (11 damage)
             ... with a puff of flame
             ... on level 2 of the Dungeon.
             The game lasted 00:03:45 (1850 turns).

evanesce the Skirmisher (Minotaur Berserker)        Turns: 1850, Time: 00:03:45

Health: -5/41      AC:  5    Str: 23    XL:     4   Next: 1%
Magic:  3/3        EV: 11    Int:  4    God:    Trog [**....]
Gold:   88         SH:  0    Dex: 10    Spells: 3/3 levels left

rFire   . . .      SeeInvis .   a - +0 hand axe
rCold   . . .      Faith    .   (no shield)
rNeg    . . .      Spirit   .   e - +0 ring mail
rPois   .          Reflect  .   (helmet restricted)
rElec   .          Harm     .   (no cloak)
rCorr   .          Rampage  .   (no gloves)
Will    .....                   (no boots)
Stlth   ..........              (no amulet)
HPRegen 0.13/turn               (no ring)
MPRegen 0.08/turn               (no ring)

@: no status effects
A: horns 2, retaliatory headbutt
a: Renounce Religion, Berserk, Trog's Hand


You were on level 2 of the Dungeon.
You worshipped Trog.
Trog was pleased with you.
You visited 1 branch of the dungeon, and saw 3 of its levels.

You collected 88 gold pieces.

Inventory:

Hand Weapons
 a - a +0 hand axe (weapon)
 c - a +0 hunting sling
 h - a +1 rapier of protection
Missiles
 f - 24 bolts
 g - 22 arrows
 i - 2 curare-tipped darts (quivered)
Armour
 b - a +0 animal skin
 e - a +0 ring mail (worn)
Potions
 d - a potion of brilliance {unknown}
 j - 2 potions of curing {unknown}


   Skills:
 + Level 4.9 Fighting
 - Level 4.0 Axes
 + Level 3.6 Armour
 - Level 2.3 Dodging


You had 3 spell levels left.
You didn't know any spells.
Your spell library was empty.

Dungeon Overview and Level Annotations

Branches:
Dungeon (3/15)

Altars:

Annotations:
D:2 exclusion: downstairs


Innate Abilities, Weirdness & Mutations

You have a pair of horns on your head.
You reflexively headbutt those who attack you in melee.


Message History

You hear some strange, mumbled words.
Something tries to affect you, but you resist.
Something hits you.
You hit something.
You hear some strange, mumbled words.
Something tries to affect you, but you resist.
You miss something. Something hits you but does no damage.
You barely miss something. Something hits you but does no damage.
You slash something! Your headbutt misses something. Something hits you.
You hit something but do no damage.
You hear some strange, mumbled words.
You are confused.
You bump into the rock wall.
Something hits you.
The orc priest invokes the aid of Beogh against you.
Beogh smites you!
You hear a shout!
Something hits you but does no damage.
You climb upwards.
Level annotation: exclusion: downstairs Reactivating autopickup.
There is a stone staircase leading down here.
You bump into the rock wall.
Something hits you but does no damage.
Deactivating autopickup; reactivate with Ctrl-A.
You bump into the rock wall.
Something hits you.
You bump into the rock wall.
Something hits you.
You miss something.
You feel less confused. Something hits you but does no damage.
You hit something but do no damage.
You hear some strange, mumbled words.
A puff of flame appears from out of thin air!
The puff of flame hits you!
* * * LOW HITPOINT WARNING * * *
You hit something but do no damage. Your headbutt misses something.
Something hits you but does no damage. x2
You barely miss something.
You hear some strange, mumbled words.
A puff of flame appears from out of thin air!
The puff of flame hits you!
You die...

##.###.#.........'.#.#
...###.#.........###.#
##.#...#.........###.#
...#.........###.....#
.................#.###
.#.#.#...######.##.#
.#)#.###.# #.##.#
##.....#.# #.##.#
..##...#.# #.@{.#
#.####.#.# ######
#......#.# ##.....#.#
#.#####.# ##.# #.#
...# #.# .#######.#
.........#


There were no monsters in sight!

Vanquished Creatures
  An adder (D:2)
  A worm (D:2)
  An orc (D:3)
  7 bats
  7 endoplasms
  4 goblins
  3 hobgoblins
  10 jackals
  4 kobolds
  4 quokkas
  A ball python (D:2)
  A frilled lizard (D:1)
  4 rats
48 creatures vanquished.

Vanquished Creatures (others)
  2 plants (D:2)
2 creatures vanquished.

Grand Total: 50 creatures vanquished

Notes
Turn   | Place    | Note
-------+----------+-------------------------------------------
     0 | D:1      | evanesce the Minotaur Berserker began the quest for the
                  | Orb.
     0 | D:1      | Reached XP level 1. HP: 19/19 MP: 0/0
   226 | D:1      | Reached XP level 2. HP: 26/27 MP: 1/1
   582 | D:1      | Reached ** piety under Trog
   770 | D:2      | Reached XP level 3. HP: 34/34 MP: 2/2
   989 | D:2      | Found a faded altar of an unknown god.
  1734 | D:3      | Noticed an ogre
  1833 | D:3      | Reached XP level 4. HP: 34/41 MP: 3/3
  1850 | D:2      | Killed from afar by an orc wizard

Illustrated notes

Levels and vault maps discovered:
D:1:      dpeg_arrival_windows_large_door, layout_loops_ring
D:2:      layout_basic, serial_curves, eino_curves_01, eino_curves_03,
          eino_curves_03, shapermc_ecumenical_altar_ellora
D:3:      layout_basic, jmf_multi_god_temple

Skill      XL: |  1  2 |
---------------+-------+-----
Fighting       | 4 |  4.9
Axes           | 4 |  4.0
Armour         | 3 |  3.6
Dodging        | |  2.3

Action                   |  1- 3 |  4- 6 || total
-------------------------+-------+-------++-------
Melee: Hand axe          |    99 |     9 ||   108
       Headbutt          |    13 |       ||    13
Armor: Animal skin       |     5 |       ||     5
       Ring mail         |    28 |     7 ||    35
Dodge: Dodged            |    67 |       ||    67
